 Dungeon Sprint DCSS version 0.24.1 (webtiles) character file.

Game seed: 4559383871900154077, levelgen mode: deterministic

299 Groucho the Unseen (level 6, -2/35 HPs)
             Began as a Gargoyle Assassin on Mar 28, 2020.
             Slain by a yak (10 damage)
             ... in the Dungeon (Sprint I: "Red Sonja").
             The game lasted 00:01:43 (921 turns).

Groucho the Unseen (Gargoyle Assassin)               Turns: 921, Time: 00:01:44

Health: -2/35      AC:  7    Str: 14    XL:     6   Next: 36%
Magic:  6/6        EV: 11    Int: 12    God:
Gold:   311        SH:  0    Dex: 13    Spells: 5/5 levels left

rFire    . . .     SeeInvis .   a - +2 dagger
rCold    . . .     Gourm    .   (no shield)
rNeg     + . .     Faith    .   b - +0 robe
rPois    ∞         Spirit   .   (no helmet)
rElec    +         Reflect  .   c - +0 cloak
rCorr    .         Harm     .   (no gloves)
MR       .....     NoTele   +   (no boots)
Stlth    ++++++....             (no amulet)
HPRegen  0.11/turn              (no ring)
MPRegen  0.10/turn              (no ring)

@: no status effects
A: negative energy resistance 1, electricity resistance, unbreathing,
petrification resistance, rot immunity, AC +4
a: no special abilities


You were in the Dungeon.
You were not hungry.

You visited 1 branch You collected 311 gold pieces.

Inventory:

Hand Weapons
 a - a +2 dagger (weapon)
Missiles
 e - 2 curare-tipped darts (quivered)
Armour
 b - a +0 robe (worn)
 c - a +0 cloak (worn)
Scrolls
 i - a scroll of enchant armour {unknown}
 l - a scroll of blinking
Potions
 j - 2 potions of magic
Comestibles
 f - 2 rations


   Skills:
 - Level 2.1 Fighting
 - Level 1.7 Short Blades
 - Level 1.7 Throwing
 - Level 0.7 Dodging
 + Level 15.0 Stealth


You had 5 spell levels left.
You didn't know any spells.
Your spell library was empty.

Dungeon Overview and Level Annotations

Branches:
Dungeon (1/1)

Altars:
Cheibriados
Dithmenos
Elyvilon
Fedhas
Hepliaklqana
Kikubaaqudgha
Okawaru
Qazlal
Ru
Sif Muna
Trog
Uskayaw
Vehumet
Wu Jian
Yredelemnul
Zin
The Shining One

Shops:
D }


Innate Abilities, Weirdness & Mutations

You are resistant to torment.
Your stone body is resilient. (AC +4)
You are immune to poison.
You resist negative energy. (rN+)
You are resistant to electric shocks. (rElec)
You can survive without breathing.
You are immune to petrification.
You are immune to rotting.


Message History

The yak looks as sick as possible!
The yak is moderately wounded.
You hit the yak.
The yak is heavily wounded.
The yak gores you!
You hit the yak.
The yak is heavily wounded.
The yak gores you.
You barely miss the yak.
The yak is severely wounded.
The yak gores you but does no damage.
You hit the yak but do no damage.
The yak is severely wounded.
The yak gores you.
You hit the yak.
The yak is almost dead.
The yak gores you!
* * * LOW HITPOINT WARNING * * *
You feel better. The yak gores you!
You die...

################
#<.#.)'..#.)'..#
#..'..#.)'..#..+
#..#####+#####'#
#..# #..#...#.#
#..#__####..##.#
#..#_____##'#_.+
#⌠⌠#_.∩...Y@.._#
####_..__##_.#'#
___ ##+#.# # ###


You could see a yak.

Vanquished Creatures
  Sigmund (D)
  An ogre (D)
  A jelly (D)
  Ijyb (D)
4 creatures vanquished.

Notes
Turn   | Place    | Note
-------+----------+-------------------------------------------
     0 | D        | Groucho the Gargoyle Assassin began the quest for the Orb.
     0 | D        | Reached XP level 1. HP: 12/12 MP: 1/1
     2 | D        | Noticed Ijyb
    42 | D        | Killed Ijyb
    42 | D        | Reached skill level 8 in Stealth
    42 | D        | Reached XP level 2. HP: 10/17 MP: 2/2
    42 | D        | Reached XP level 3. HP: 12/21 MP: 3/3
   359 | D        | Noticed an ogre
   362 | D        | Killed an ogre
   362 | D        | Reached skill level 11 in Stealth
   362 | D        | Reached XP level 4. HP: 26/26 MP: 4/4
   378 | D        | Noticed Sigmund
   386 | D        | Killed Sigmund
   386 | D        | Reached skill level 14 in Stealth
   386 | D        | Reached XP level 5. HP: 19/30 MP: 5/5
   386 | D        | Reached XP level 6. HP: 22/35 MP: 6/6
   865 | D        | Found a shimmering blue altar of Sif Muna.
   866 | D        | Found an ornate altar of the Wu Jian Council.
   867 | D        | Found a radiant altar of Vehumet.
   871 | D        | Reached skill level 15 in Stealth
   906 | D        | Found Punaekeabo's Gadget Emporium.
   906 | D        | Found an ancient bone altar of Kikubaaqudgha.
   906 | D        | Found a hazy altar of Hepliaklqana.
   906 | D        | Found a stormy altar of Qazlal.
   906 | D        | Found a hide-covered altar of Uskayaw.
   906 | D        | Found a blossoming altar of Fedhas.
   906 | D        | Found a bloodstained altar of Trog.
   906 | D        | Found an iron altar of Okawaru.
   906 | D        | Found a basalt altar of Yredelemnul.
   906 | D        | Found a glowing golden altar of the Shining One.
   906 | D        | Found a snail-covered altar of Cheibriados.
   906 | D        | Found a sacrificial altar of Ru.
   906 | D        | Found a glowing silver altar of Zin.
   906 | D        | Found a shadowy altar of Dithmenos.
   906 | D        | Found a white marble altar of Elyvilon.
   906 | D        | Noticed a yak
   921 | D        | Slain by a yak

Levels and vault maps discovered:
D:        dungeon_sprint_1 [red_sonja_temple_1, red_sonja_temple_small_1]

Skill      XL: |  1  2  3  4  5  6 |
---------------+-------------------+-----
Stealth        | 8 11 14 15 | 15.0
Fighting       | |  2.1
Short Blades   | |  1.7
Throwing       | |  1.7
Dodging        | |  0.7

Action                   |  1- 3 |  4- 6 || total
-------------------------+-------+-------++-------
Melee: Dagger            |    40 |    12 ||    52
Throw: Dart              |       |     8 ||     8
  Use: Potion            |     1 |     3 ||     4
 Stab: Sleeping          |     2 |     1 ||     3
Armor: Robe              |     4 |     2 ||     6
Dodge: Dodged            |     7 |     4 ||    11
